 Dungeon Crawl Stone Soup version 0.23-a0-183-gf37f6fb (webtiles) character file.

138 nikopol the Magician (level 5, -12/28 HPs)
             Began as a Deep Elf Fire Elementalist on Sept 22, 2018.
             Killed by divine providence
             ... invoked by an orc priest
              (16 damage)
             ... on level 3 of the Dungeon.
             The game lasted 00:06:29 (2133 turns).

nikopol the Magician (Deep Elf Fire Elementalist)   Turns: 2133, Time: 00:06:29

Health: -12/28     AC:  3    Str:  5    XL:     5   Next: 1%
Magic:  14/14      EV: 13    Int: 21    God:
Gold:   107        SH:  0    Dex: 17    Spells: 3/13 levels left

rFire    . . .     SeeInvis .   m - +1 short sword (drain)
rCold    + . .     Gourm    .   (no shield)
rNeg     . . .     Faith    .   a - +0 robe
rPois    .         Spirit   .   h - +0 helmet
rElec    .         Reflect  .   (no cloak)
rCorr    .         Harm     .   (no gloves)
MR       .....                  (no boots)
Stlth    ++........             (no amulet)
HPRegen  0.09/turn              j - +2 ring of dexterity
MPRegen  0.14/turn              l - ring of protection from cold

@: no status effects
A: no striking features
a: no special abilities


You were on level 3 of the Dungeon.
You were not hungry.

You visited 1 branch of the dungeon, and saw 3 of its levels.

You collected 107 gold pieces.

Inventory:

Hand Weapons
 m - a +1 short sword of draining (weapon)
Armour
 a - a +0 robe (worn)
 h - a +0 helmet (worn)
Jewellery
 j - a +2 ring of dexterity (left hand)
 l - a ring of protection from cold (right hand)
 n - a +5 ring of dexterity
 p - a cursed ring of teleportation {unknown}
 s - an uncursed ring of protection from fire {unknown}
Scrolls
 b - 3 scrolls of remove curse {unknown}
 e - 2 scrolls of fear {unknown}
 f - a scroll of fog {unknown}
 g - a scroll of enchant weapon {unknown}
 i - a scroll of identify {unknown}
 o - a scroll of random uselessness {unknown}
 t - a scroll of amnesia {unknown}
Potions
 d - 2 potions of curing {unknown}
 k - a potion of ambrosia {unknown}
 q - a potion of magic {unknown}
Comestibles
 c - 8 rations


   Skills:
 + Level 2.9 Dodging
 + Level 2.9 Stealth
 + Level 4.9 Spellcasting
 + Level 2.0 Conjurations
 + Level 4.6 Fire Magic


You had 3 spell levels left.
You knew the following spells:

 Your Spells              Type           Power        Failure   Level  Hunger
a - Flame Tongue          Conj/Fire      ###..        2%          1    None
b - Throw Flame           Conj/Fire      ###...       4%          2    None
c - Conjure Flame         Conj/Fire      ###.....     9%          3    ##.....
d - Sticky Flame          Conj/Fire      ###.....     28%         4    ####...

Your spell library contained the following spells:

 Spells                   Type           Power        Failure   Level  Hunger
 Inner Flame              Hex/Fire       ##......     13%         3    ##.....
 Fireball                 Conj/Fire      ###.......   61%         5    #####..


Dungeon Overview and Level Annotations

Branches:
Dungeon (3/15)

Altars:

Annotations:
D:3 Robin


Message History

You see here 2 stones.
Things that are here:
a dagger; a kobold skeleton Robin shouts!
Robin roars a battlecry!
The goblins go into a battle-frenzy!
The goblin misses you.
Robin points. "Kill!"
Robin barely misses you. The goblin barely misses you.
Robin hits you from afar with a spear.
* * * LOW HITPOINT WARNING * * *
All of the chunks of flesh in your inventory have rotted away.
Robin throws the goblin at you!
* * * LOW HITPOINT WARNING * * *
The goblin hits you but does no damage.
You see here a rat skeleton.
The orc priest calls down the wrath of Beogh upon you.
Beogh smites you!
Ouch! That really hurt!
You die...

#.# ### ### #÷# #.# #.. ..# #)#
#.# ### ##.## ##.###'# # #.# #..
...#.##.##o.. ## ####.#
#.####..#.##o#.... .##
##.##.#####.#.......##.>....
..####..)......#.#.#...####o.....
..((.).................o).oo.(.(.
..####....####.#@###..o####......
.###...........#g###.......(.....
## #.###.##.####g..g...######....
# #.# #.##.# #####.### ##... #.#
#.##.# #####.### ##+# #.# #.##.#
#.......# #.# #.# #.##.#
#.###.#.#### #.# #.###.##.# #.#
#.#...†# ##.# ## #........# #.#
#......# ##...


You could see an orc priest and 2 goblins.

Vanquished Creatures
  6 adders
  2 oozes
  A worm (D:2)
  5 dart slugs
  2 leopard geckos (D:2)
  3 giant cockroaches (D:1)
  11 goblins
  9 hobgoblins
  A quokka (D:2)
  9 bats
  3 frilled lizards (D:2)
  7 kobolds
  5 rats
64 creatures vanquished.

Notes
Turn   | Place    | Note
-------+----------+-------------------------------------------
     0 | D:1      | nikopol the Deep Elf Fire Elementalist began the quest for
                  | the Orb.
     0 | D:1      | Reached XP level 1. HP: 10/10 MP: 6/6
   196 | D:1      | Reached XP level 2. HP: 11/15 MP: 5/8
   534 | D:1      | Reached XP level 3. HP: 19/19 MP: 6/10
  1313 | D:2      | Reached XP level 4. HP: 24/24 MP: 8/12
  1421 | D:2      | Learned a level 2 spell: Throw Flame
  1425 | D:2      | Learned a level 3 spell: Conjure Flame
  1430 | D:2      | Learned a level 4 spell: Sticky Flame
  1863 | D:3      | Noticed Robin
  2079 | D:3      | Reached XP level 5. HP: 22/28 MP: 8/14
  2133 | D:3      | Killed from afar by an orc priest

Vault maps used:
D:1:      dpeg_arrival_triangle_fractal
D:2:      cheibrodos_helix_gallery, first_ration
D:3:      uniq_robin

Skill      XL: |  1  2  3  4 |
---------------+-------------+-----
Fire Magic     | 4 |  4.6
Spellcasting   | 4 |  4.9
Conjurations   | 2 |  2.0
Dodging        | |  2.9
Stealth        | |  2.9

Action                   |  1- 3 |  4- 6 || total
-------------------------+-------+-------++-------
 Cast: Flame Tongue      |    66 |    53 ||   119
  Eat: Chunk             |     1 |     2 ||     3
Armor: Robe              |     5 |     4 ||     9
Dodge: Dodged            |    23 |    22 ||    45

Table legend:
 A = Non-vault XP
 B = Vault XP
 C = Vault XP percentage of total XP
 D = Non-vault monster count
 E = Vault monster count
 F = Vault count percentage of total count
                 A         B        C        D         E       F
            +---------+---------+-------+---------+---------+-------
      Total |     176 |      22 |  11.1 |      54 |      10 |  15.6
            +---------+---------+-------+---------+---------+-------
        D:1 |      43 |       0 |   0.0 |      21 |       0 |   0.0
        D:2 |     105 |       8 |   7.1 |      26 |       2 |   7.1
        D:3 |      28 |      14 |  33.3 |       7 |       8 |  53.3
            +---------+---------+-------+---------+---------+-------
